 Dungeon Crawl Stone Soup version 0.21.0-24-g2553a33 (webtiles) character file.

1589 HEYYEYAAE the Digger (level 8, -3/63 HPs)
             Began as a Demigod Earth Elementalist on Jan 21, 2018.
             Killed from afar by an orc (23 damage)
             ... with a wand of acid (8)
             ... on level 6 of the Dungeon.
             The game lasted 00:07:13 (4895 turns).

HEYYEYAAE the Digger (Demigod Earth Elementalist)   Turns: 4895, Time: 00:07:13

Health: -3/63      AC:  0    Str: 11    XL:     8   Next: 35%
Magic:  28/28      EV: 14    Int: 26    God:
Gold:   329        SH:  0    Dex: 16    Spells: 13/17 levels left

rFire    . . .     SeeInvis .   v - +4 quarterstaff (chaos)
rCold    + . .     Gourm    .   (shield currently unavailable)
rNeg     . . .     Faith    +   A - +0 robe {rC+}
rPois    .         Spirit   .   (no helmet)
rElec    .         Reflect  .   w - +0 cloak
rCorr    .         Harm     .   b - +0 pair of gloves
MR       .....                  (no boots)
Stlth    ++........             E - amulet of faith
HPRegen  0.20/turn              F - ring of magical power
MPRegen  0.21/turn              L - +3 ring of intelligence

@: corroded
A: high mp 1
a: no special abilities


You were on level 6 of the Dungeon.
You were very hungry.

You visited 1 branch of the dungeon, and saw 6 of its levels.

You collected 329 gold pieces.

Inventory:

Hand Weapons
 r - a +0 hand axe of flaming
 v - a +4 quarterstaff of chaos (weapon)
Armour
 b - a +0 pair of gloves (worn)
 w - a +0 cloak (worn)
 A - a +0 robe of cold resistance (worn)
Jewellery
 m - an uncursed ring of ice
 E - an amulet of faith (around neck)
 F - a ring of magical power (left hand)
 I - an uncursed ring of magical power
 L - a +3 ring of intelligence (right hand)
Wands
 g - a wand of random effects (11)
 z - a wand of flame (35)
 K - a wand of iceblast (8)
Scrolls
 c - 2 scrolls of amnesia {unknown}
 f - a scroll of magic mapping {unknown}
 h - 5 scrolls of remove curse
 i - a scroll of fog {unknown}
 j - a scroll of immolation {unknown}
 o - 5 scrolls of teleportation
 u - a scroll of blinking {unknown}
 x - a scroll of fear {unknown}
 C - 2 scrolls of enchant armour {unknown}
 H - a scroll of enchant weapon
 J - 2 scrolls of identify
 M - a scroll of silence {unknown}
Potions
 k - 3 potions of heal wounds
 l - a potion of lignification {unknown}
 n - 4 potions of curing
 p - a potion of mutation {unknown}
 q - a potion of invisibility {unknown}
 s - 2 potions of flight {unknown}
 t - a potion of agility {unknown}
 B - 3 potions of degeneration {unknown}
 D - a potion of might {unknown}
 G - a potion of ambrosia {unknown}
Books
 a - a book of Misfortune

   Spells                             Type                      Level
   a - Confusing Touch                Hexes                        1
   b - Confuse                        Hexes                        3
   c - Gell's Gravitas                Translocation                3
   d - Petrify                        Transmutation/Earth          4
   e - Metabolic Englaciation         Hexes/Ice                    5
   f - Yara's Violent Unravelling     Hexes/Transmutation          5
 e - a book of Geomancy

   Spells                             Type                      Level
   a - Sandblast                      Earth                        1
   b - Passwall                       Transmutation/Earth          2
   c - Stone Arrow                    Conjuration/Earth            3
   d - Petrify                        Transmutation/Earth          4
   e - Lee's Rapid Deconstruction     Earth                        5
 y - a book of Callings

   Spells                             Type                      Level
   a - Summon Small Mammal            Summoning                    1
   b - Call Imp                       Summoning                    2
   c - Call Canine Familiar           Summoning                    3
   d - Summon Guardian Golem          Hexes/Summoning              3
   e - Summon Lightning Spire         Summoning/Air                4
   f - Summon Ice Beast               Ice/Summoning                4
Comestibles
 d - 10 rations


   Skills:
 + Level 3.1 Fighting
 + Level 3.2 Armour
 + Level 3.8 Dodging
 - Level 1.7 Stealth
 * Level 5.0 Spellcasting
   Level 0.8 Transmutations
 * Level 5.8 Earth Magic
 + Level 2.6 Evocations


You had 13 spell levels left.
You knew the following spells:

 Your Spells              Type           Power        Failure   Level  Hunger
a - Sandblast             Erth           #####.       1%          1    None
b - Stone Arrow           Conj/Erth      ###...       7%          3    #......


Dungeon Overview and Level Annotations

Branches:
Dungeon (6/15)
 Temple: D:4-7


Innate Abilities, Weirdness & Mutations

You have an increased reservoir of magic. (+10% MP)


Message History

The orc shouts!
An orc comes into view. It is wielding a trident.
You see here an enchanted whip.
A hound skeleton comes into view.
An iguana comes into view.
You sock the orc!
You kill the orc!
Items here: ! ) / † a flail; a wand of random effects (15); a potion of haste; an orc corpse The hound skeleton misses you.
The iguana closely misses you.
You sock the iguana!
The iguana seems to slow down.
You freeze the iguana.
You kill the iguana!
The iguana turns into a zombie!
The hound skeleton bites you. The hound skeleton misses you.
You barely miss the hound skeleton. The hound skeleton bites you.
The orc zaps a wand.
The bolt of acid hits you! The acid corrodes you!
You are splashed with acid!
The acid burns!
It is a wand of acid (8).
The hound skeleton barely misses you.
The orc zaps a wand.
The bolt of acid hits you!
You die...

..........# #..##.#
#.... .........##
#..##.###### #####
........##
#..#.......# #
..........#
#..#.......#
..#...###.#
#%.#.......######
..##.## .#
#..#............###
..##.# .
#.....)....####†...
#.##.# #
#..........# #####
#..... #Z@).......#
#.## .
......Z..###o####
#.# .........# #.#
.. ......##.# #.#
...... ..# #.#
.....# ### #o#
##... .# ####


You could see an orc, a hound skeleton and a friendly iguana zombie.

Vanquished Creatures
  Grinder (D:5)
  Duvessa (D:4)
  An orc warrior (D:6)
  A phantom (D:5)
  The ghost of skk the Shield-Bearer, an amateur DsFi (D:3)
  A centaur (D:5)
  2 scorpions
  Dowan (D:4)
  A howler monkey (D:6)
  3 crimson imps
  A hound (D:5)
  An orc priest (D:5)
  Crazy Yiuf (D:2)
  A bullfrog skeleton (D:6)
  Jessica (D:3)
  Natasha (thrice) (D:2)
  An iguana (D:6)
  4 orc wizards (D:5)
  4 worker ants
  A hound zombie (D:5)
  10 adders
  2 adder skeletons
  4 worms (D:2)
  4 dart slugs
  3 leopard geckos
  8 orcs
  2 ball pythons
  3 bats
  6 giant cockroaches
  7 goblins
  4 hobgoblins
  13 jackals
  4 kobolds
  A ball python skeleton (D:4)
  6 frilled lizards
  A jackal skeleton (D:6)
  A leopard gecko skeleton (D:4)
  A leopard gecko zombie (D:5)
  6 rats
117 creatures vanquished.

Notes
Turn   | Place    | Note
-------+----------+-------------------------------------------
     0 | D:1      | HEYYEYAAE the Demigod Earth Elementalist began the quest for the Orb.
     0 | D:1      | Reached XP level 1. HP: 14/14 MP: 5/5
   462 | D:1      | Reached XP level 2. HP: 22/22 MP: 5/7
   995 | D:2      | Reached XP level 3. HP: 27/27 MP: 3/9
  1162 | D:2      | Noticed Natasha
  1165 | D:2      | Killed Natasha
  1165 | D:2      | Reached skill level 1 in Armour
  1175 | D:2      | Reached skill level 1 in Fighting
  1244 | D:2      | Reached XP level 4. HP: 35/35 MP: 6/10
  1349 | D:2      | Noticed Natasha
  1352 | D:2      | Killed Natasha
  1417 | D:2      | Noticed Natasha
  1422 | D:2      | Killed Natasha
  1581 | D:2      | Found a runed door.
  1815 | D:2      | Noticed Crazy Yiuf
  1818 | D:2      | Killed Crazy Yiuf
  1818 | D:2      | Reached XP level 5. HP: 40/40 MP: 9/12
  1885 | D:3      | Noticed Jessica
  1892 | D:3      | Killed Jessica
  2004 | D:3      | Found a blossoming altar of Fedhas.
  2166 | D:3      | Found a bloodstained altar of Trog.
  2410 | D:3      | Noticed skk's ghost (amateur DsFi)
  2427 | D:3      | Killed skk's ghost
  2479 | D:4      | Noticed Duvessa
  2479 | D:4      | Noticed Dowan
  2673 | D:4      | Found a glowing golden altar of the Shining One.
  2683 | D:4      | Reached XP level 6. HP: 30/48 MP: 14/14
  2746 | D:4      | Found a stormy altar of Qazlal.
  2747 | D:4      | Noticed a fire elemental
  2755 | D:4      | Noticed an air elemental
  2755 | D:4      | Noticed a water elemental
  2841 | D:4      | Killed Dowan
  2841 | D:4      | Reached skill level 1 in Evocations
  2887 | D:4      | HP: 1/48 [Duvessa/stone (7)]
  2891 | D:4      | Killed Duvessa
  3006 | D:4      | Found a basalt altar of Yredelemnul.
  3083 | D:4      | Learned a level 3 spell: Stone Arrow
  3148 | D:5      | Entered Level 5 of the Dungeon
  3172 | D:5      | Reached XP level 7. HP: 26/55 MP: 13/16
  3279 | D:5      | Noticed Grinder
  3284 | D:5      | Paralysed by Grinder for 2 turns
  3291 | D:5      | Killed Grinder
  3291 | D:5      | Reached skill level 5 in Earth Magic
  3759 | D:5      | Found an ancient bone altar of Kikubaaqudgha.
  3803 | D:5      | Reached XP level 8. HP: 44/62 MP: 4/18
  3825 | D:5      | Found a shattered altar of Ashenzari.
  3996 | D:5      | Found a hazy altar of Hepliaklqana.
  4431 | D:6      | Found a snail-covered altar of Cheibriados.
  4433 | D:6      | Found a radiant altar of Vehumet.
  4434 | D:6      | Found an iron altar of Okawaru.
  4874 | D:6      | Reached skill level 5 in Spellcasting
  4895 | D:6      | Killed from afar by an orc

Skill      XL: |  1  2  3  4  5  6  7  8 |
---------------+-------------------------+-----
Spellcasting   | 2 3 4 5 |  5.0
Earth Magic    | 3 4 5 |  5.8
Dodging        | 2 3 |  3.8
Armour         | 1 2 3 |  3.2
Fighting       | 1 2 3 |  3.1
Evocations     | 1 2 |  2.6
Stealth        | |  1.7
Transmutations | |  0.8

Action                   |  1- 3 |  4- 6 |  7- 9 || total
-------------------------+-------+-------+-------++-------
Melee: Unarmed           |     9 |       |       ||     9
       Hand axe          |       |     8 |       ||     8
       Quarterstaff      |       |    65 |    71 ||   136
 Cast: Sandblast         |    52 |    53 |    32 ||   137
       Stone Arrow       |       |       |    10 ||    10
Evoke: Wand              |       |     4 |       ||     4
  Use: Scroll            |       |     7 |     2 ||     9
       Potion            |       |     2 |       ||     2
 Stab: Sleeping          |       |     2 |     2 ||     4
       Distracted        |       |       |     1 ||     1
  Eat: Chunk             |     1 |     6 |     5 ||    12
Armor: Robe              |     5 |    16 |    11 ||    32
Dodge: Dodged            |    12 |    71 |    67 ||   150
